[ AOE2 MATCH · #506488018 ]
UnrankedKhmer vs Wu
Player's team · LOSS
[ REPLAY ANALYSIS · EXTRACTED FROM THE RECORDED GAME ]
Feudal
11:49
Castle
21:56
Imperial
—
| APM avg | 87.7 |
| APM peak | 180 |
| eAPM avg | 53.1 |
| Villagers / military | 46 / 32 |
Focus
⚔️ 63.4% · 🌾 36.6%
Archer ×27 · Militia ×5
Feudal
8:50
Castle
18:08
Imperial
—
| APM avg | 98.8 |
| APM peak | 172 |
| eAPM avg | 52.0 |
| Villagers / military | 67 / 12 |
Focus
⚔️ 64.0% · 🌾 36.0%
Unknown (1974) ×28 · Spearman ×5 · Militia ×3 · Scorpion ×3 · Battering Ram ×1
Match map
Initial resources + every placement click. Lines = walls · curves = elevation contours. ◆ gold · ⬟ stone · ● berries · ✦ relic · ◌ wall gap
Your base· ✓ Closed at 21:56 · 53t walls · 1 gate(s)
blytz's base· ✓ Closed at 18:08 · 20t walls · 1 gate(s)
Smoothed initial terrain · ◌ = detected wall gap · hover for details
Inputs per minute
— Dobbs351 - - blytz
Build order — Dobbs351
146 actions detected in the replay
| 0:02 | Create | Villager (Male) |
| 0:02 | Create | Villager (Male) |
| 0:03 | Build | House |
| 0:04 | Build | House |
| 0:12 | Create | Villager (Male) |
| 0:12 | Create | Villager (Male) |
| 1:19 | Create | Villager (Male) |
| 1:59 | Create | Villager (Male) |
| 2:03 | Build | Lumber Camp |
| 2:18 | Create | Villager (Male) |
| 2:59 | Create | Villager (Male) |
| 3:10 | Create | Villager (Male) |
| 3:23 | Create | Villager (Male) |
| 3:51 | Create | Villager (Male) |
| 4:00 | Build | House |
| 4:15 | Create | Villager (Male) |
| 4:55 | Build | Barracks |
| 5:00 | Create | Villager (Male) |
| 5:23 | Create | Villager (Male) |
| 5:32 | Create | Villager (Male) |
| 5:49 | Create | Militia |
| 5:49 | Create | Militia |
| 5:49 | Create | Militia |
| 5:59 | Build | Mill |
| 6:16 | Create | Militia |
| 6:16 | Create | Militia |
| 6:22 | Build | House |
| 6:24 | Build | House |
| 6:29 | Research | Loom |
| 6:30 | Research | Loom |
| 6:41 | Build | House |
| 6:59 | Create | Villager (Male) |
| 7:30 | Create | Villager (Male) |
| 7:53 | Create | Villager (Male) |
| 8:18 | Create | Villager (Male) |
| 8:25 | Build | Palisade Wall |
| 8:26 | Build | Palisade Wall |
| 8:44 | Create | Villager (Male) |
| 9:28 | Create | Villager (Male) |
| 9:39 | Research | Feudal Age |
| 9:44 | Build | Palisade Wall |
| 9:45 | Build | Palisade Wall |
| 9:46 | Build | Palisade Wall |
| 9:49 | Build | Palisade Wall |
| 10:06 | Build | Lumber Camp |
| 10:38 | Build | Palisade Wall |
| 10:41 | Build | Palisade Wall |
| 10:45 | Build | Mining Camp |
| 11:04 | Build | Palisade Wall |
| 11:15 | Create | Villager (Male) |
| 11:15 | Create | Villager (Male) |
| 11:49 | Age | Feudal Age |
| 11:50 | Build | Archery Range |
| 11:54 | Build | Archery Range |
| 12:01 | Research | Double-Bit Axe |
| 12:12 | Build | Palisade Wall |
| 12:31 | Build | House |
| 12:31 | Create | Archer |
| 12:34 | Create | Villager (Male) |
| 12:34 | Create | Archer |
| 13:04 | Build | Blacksmith |
| 13:04 | Create | Villager (Male) |
| 13:07 | Create | Archer |
| 13:08 | Create | Archer |
| 13:21 | Create | Villager (Male) |
| 13:26 | Create | Villager (Male) |
| 13:39 | Create | Archer |
| 13:41 | Create | Archer |
| 13:50 | Build | House |
| 14:04 | Build | Palisade Gate |
| 14:13 | Create | Villager (Male) |
| 14:15 | Build | House |
| 14:17 | Create | Archer |
| 14:17 | Create | Archer |
| 14:38 | Research | Fletching |
| 14:46 | Create | Archer |
| 14:47 | Create | Archer |
| 14:49 | Build | Farm |
| 14:49 | Build | Farm |
| 14:49 | Build | Farm |
| 14:49 | Build | Farm |
| 15:00 | Build | Farm |
| 15:02 | Build | Farm |
| 15:03 | Build | Farm |
| 15:05 | Build | Farm |
| 15:07 | Create | Villager (Male) |
| 15:14 | Build | House |
| 15:17 | Create | Archer |
| 15:17 | Create | Archer |
| 15:34 | Create | Villager (Male) |
| 15:37 | Build | Farm |
| 15:47 | Create | Villager (Male) |
| 15:50 | Build | Farm |
| 15:54 | Create | Archer |
| 15:54 | Create | Archer |
| 16:06 | Create | Archer |
| 16:06 | Create | Villager (Male) |
| 16:13 | Build | Farm |
| 16:19 | Create | Archer |
| 16:33 | Build | Farm |
| 16:40 | Create | Archer |
| 16:43 | Create | Villager (Male) |
| 17:06 | Create | Archer |
| 17:06 | Create | Villager (Male) |
| 17:22 | Build | House |
| 17:52 | Create | Villager (Male) |
| 17:55 | Build | Farm |
| 17:56 | Build | Market |
| 17:58 | Build | Market |
| 17:58 | Create | Villager (Male) |
| 18:36 | Build | House |
| 18:37 | Build | House |
| 18:39 | Build | Palisade Wall |
| 18:42 | Create | Villager (Male) |
| 18:49 | Create | Archer |
| 18:49 | Create | Archer |
| 18:53 | Build | House |
| 19:16 | Research | Castle Age |
| 19:16 | Research | Castle Age |
| 19:16 | Research | Castle Age |
| 19:25 | Create | Archer |
| 19:48 | Create | Archer |
| 19:49 | Create | Archer |
| 19:50 | Create | Villager (Male) |
| 20:07 | Create | Villager (Male) |
| 20:17 | Create | Archer |
| 20:17 | Create | Archer |
| 20:17 | Create | Villager (Male) |
| 20:39 | Create | Archer |
| 20:39 | Create | Archer |
| 20:40 | Create | Villager (Male) |
| 20:47 | Create | Villager (Male) |
| 20:49 | Build | House |
| 20:51 | Build | House |
| 20:56 | Build | Palisade Wall |
| 21:00 | Build | Palisade Wall |
| 21:06 | Create | Villager (Male) |
| 21:37 | Create | Villager (Male) |
| 21:41 | Build | House |
| 21:42 | Create | Villager (Male) |
| 21:56 | Age | Castle Age |
| 22:01 | Research | Crossbowman (upgrade) |
| 22:02 | Research | Crossbowman (upgrade) |
| 22:02 | Research | Bodkin Arrow |
| 22:02 | Research | Bodkin Arrow |
| 22:48 | Create | Villager (Male) |
Build order — blytz
First 150 of 179 actions detected
| 0:00 | Create | Villager (Male) |
| 0:00 | Create | Villager (Male) |
| 0:01 | Build | House |
| 0:02 | Build | House |
| 0:03 | Create | Villager (Male) |
| 0:10 | Create | Villager (Male) |
| 1:13 | Create | Villager (Male) |
| 1:54 | Build | Lumber Camp |
| 2:03 | Create | Villager (Male) |
| 2:19 | Create | Villager (Male) |
| 2:39 | Create | Villager (Male) |
| 2:55 | Create | Villager (Male) |
| 2:55 | Create | Villager (Male) |
| 3:18 | Create | Villager (Male) |
| 3:18 | Create | Villager (Male) |
| 3:30 | Create | Villager (Male) |
| 3:48 | Create | Villager (Male) |
| 3:49 | Build | House |
| 4:10 | Create | Villager (Male) |
| 4:44 | Build | Barracks |
| 4:48 | Create | Villager (Male) |
| 5:13 | Create | Villager (Male) |
| 5:16 | Create | Villager (Male) |
| 5:17 | Build | House |
| 5:22 | Create | Villager (Male) |
| 5:55 | Research | Loom |
| 5:59 | Build | Palisade Wall |
| 6:00 | Build | Palisade Wall |
| 6:22 | Research | Feudal Age |
| 6:45 | Build | Mining Camp |
| 6:54 | Create | Militia |
| 6:55 | Create | Villager (Male) |
| 6:58 | Build | Palisade Wall |
| 7:05 | Build | Palisade Wall |
| 7:06 | Build | House |
| 7:09 | Build | House |
| 7:23 | Create | Militia |
| 7:48 | Create | Militia |
| 7:55 | Build | Mill |
| 8:14 | Create | Villager (Male) |
| 8:29 | Build | House |
| 8:50 | Age | Feudal Age |
| 8:55 | Research | Man-at-Arms (upgrade) |
| 8:55 | Research | Man-at-Arms (upgrade) |
| 9:09 | Create | Villager (Male) |
| 9:30 | Create | Villager (Male) |
| 9:33 | Create | Villager (Male) |
| 9:34 | Build | Farm |
| 9:45 | Build | House |
| 9:49 | Create | Villager (Male) |
| 9:52 | Build | House |
| 9:59 | Build | Farm |
| 10:04 | Research | Double-Bit Axe |
| 10:04 | Research | Double-Bit Axe |
| 10:09 | Build | Farm |
| 10:11 | Build | House |
| 10:22 | Create | Villager (Male) |
| 10:23 | Create | Villager (Male) |
| 10:36 | Create | Villager (Male) |
| 10:38 | Build | Farm |
| 10:40 | Build | House |
| 11:03 | Build | Farm |
| 11:03 | Create | Villager (Male) |
| 11:12 | Create | Villager (Male) |
| 11:24 | Build | Farm |
| 11:27 | Research | Horse Collar |
| 11:27 | Research | Horse Collar |
| 11:34 | Create | Villager (Male) |
| 11:50 | Build | Farm |
| 11:54 | Create | Villager (Male) |
| 11:56 | Build | Farm |
| 11:59 | Build | Farm |
| 12:06 | Create | Villager (Male) |
| 12:08 | Create | Villager (Male) |
| 12:15 | Create | Villager (Male) |
| 12:22 | Build | Farm |
| 12:26 | Create | Villager (Male) |
| 12:33 | Create | Villager (Male) |
| 12:40 | Create | Villager (Male) |
| 12:49 | Create | Villager (Male) |
| 12:52 | Create | Villager (Male) |
| 12:53 | Create | Villager (Male) |
| 12:58 | Create | Villager (Male) |
| 13:07 | Create | Villager (Male) |
| 13:10 | Build | Market |
| 13:10 | Create | Villager (Male) |
| 13:11 | Create | Villager (Male) |
| 13:11 | Create | Villager (Male) |
| 13:14 | Build | Palisade Wall |
| 13:35 | Create | Villager (Male) |
| 13:45 | Create | Villager (Male) |
| 13:50 | Create | Villager (Male) |
| 13:52 | Build | House |
| 14:12 | Build | House |
| 14:13 | Create | Villager (Male) |
| 14:14 | Create | Villager (Male) |
| 14:16 | Build | House |
| 14:43 | Create | Villager (Male) |
| 14:49 | Build | Blacksmith |
| 15:17 | Build | Farm |
| 15:28 | Research | Castle Age |
| 15:28 | Research | Castle Age |
| 15:45 | Build | Palisade Gate |
| 15:58 | Build | Barracks |
| 16:02 | Research | Scale Mail Armor |
| 16:10 | Build | Farm |
| 16:21 | Create | Villager (Male) |
| 16:28 | Build | Palisade Wall |
| 17:08 | Build | Lumber Camp |
| 17:15 | Build | Barracks |
| 17:29 | Create | Villager (Male) |
| 17:30 | Create | Villager (Male) |
| 17:33 | Create | Villager (Male) |
| 17:33 | Create | Villager (Male) |
| 17:56 | Build | Market |
| 18:08 | Age | Castle Age |
| 18:09 | Create | Unit 1974 |
| 18:11 | Research | Squires |
| 18:11 | Research | Squires |
| 18:12 | Create | Unit 1974 |
| 18:17 | Create | Villager (Male) |
| 18:35 | Create | Unit 1974 |
| 18:36 | Create | Unit 1974 |
| 18:36 | Create | Unit 1974 |
| 18:39 | Build | Siege Workshop |
| 18:39 | Create | Villager (Male) |
| 18:49 | Research | Chain Mail Armor |
| 18:53 | Build | House |
| 18:54 | Build | House |
| 19:01 | Create | Unit 1974 |
| 19:01 | Create | Unit 1974 |
| 19:15 | Create | Villager (Male) |
| 19:22 | Create | Unit 1974 |
| 19:22 | Create | Unit 1974 |
| 19:30 | Create | Battering Ram |
| 19:31 | Build | House |
| 19:36 | Create | Spearman |
| 19:36 | Create | Spearman |
| 19:37 | Create | Spearman |
| 19:44 | Create | Spearman |
| 19:44 | Create | Spearman |
| 20:00 | Create | Unit 1974 |
| 20:00 | Create | Unit 1974 |
| 20:09 | Create | Unit 1974 |
| 20:10 | Create | Unit 1974 |
| 20:14 | Create | Villager (Male) |
| 20:15 | Create | Villager (Male) |
| 20:22 | Create | Unit 1974 |
| 20:22 | Create | Unit 1974 |
| 20:24 | Build | House |
Match timeline
| 4:44 | blytz · first_building Barracks |
| 4:55 | Dobbs351 · first_building Barracks |
| 5:59 | blytz · wall_segment Palisade Wall x1 |
| 6:00 | blytz · wall_segment Palisade Wall x1 |
| 6:58 | blytz · wall_segment Palisade Wall x1 |
| 7:05 | blytz · wall_segment Palisade Wall x1 |
| 8:25 | Dobbs351 · wall_segment Palisade Wall x7 |
| 8:26 | Dobbs351 · wall_segment Palisade Wall x14 |
| 8:50 | blytz · age_up feudal |
| 9:44 | Dobbs351 · wall_segment Palisade Wall x1 |
| 9:45 | Dobbs351 · wall_segment Palisade Wall x1 |
| 9:46 | Dobbs351 · wall_segment Palisade Wall x1 |
| 9:49 | Dobbs351 · wall_segment Palisade Wall x17 |
| 10:38 | Dobbs351 · wall_segment Palisade Wall x1 |
| 10:41 | Dobbs351 · wall_segment Palisade Wall x1 |
| 11:04 | Dobbs351 · wall_segment Palisade Wall x1 |
| 11:49 | Dobbs351 · age_up feudal |
| 11:50 | Dobbs351 · first_building Archery Range |
| 12:12 | Dobbs351 · wall_segment Palisade Wall x1 |
| 13:14 | blytz · wall_segment Palisade Wall x15 |
| 14:25 | blytz · first_market_sell 100 stone |
| 14:25 | blytz · first_market_buy 100 food |
| 16:28 | blytz · wall_segment Palisade Wall x1 |
| 18:08 | blytz · age_up castle |
| 18:39 | Dobbs351 · wall_segment Palisade Wall x1 |
| 18:39 | blytz · first_building Siege Workshop |
| 19:05 | Dobbs351 · first_market_buy 100 food |
| 19:06 | Dobbs351 · first_market_sell 100 wood |
| 20:56 | Dobbs351 · wall_segment Palisade Wall x4 |
| 21:00 | Dobbs351 · wall_segment Palisade Wall x6 |
| 21:56 | Dobbs351 · age_up castle |
| 23:04 | Dobbs351 · resign |
[ AI ANALYSIS · 1 CREDIT ]
What really happened in this match?
Wolo.gg analyzes every decision: build order, eco, micro, common mistakes by bracket. Personalized analysis on WhatsApp or Discord in 30 seconds.
Civ guide
Khmer
Perfil
Jugador #246423